cohdb
Replays
Latest Replays
All Replays
Popular Replays
Top Player Replays
Match Explorer
How It Works
Community
CoH3 Stats
Reddit
Sign in to upload your games and track your stats! →
Sign in with Steam
Match 38638393
Unlisted
Match 38638393
Overview
Messages
Build Orders
End
Construct Infanterie Kompanie
Grenadier Squad
MG 42 Machine Gun Team
Grenadier Squad
Selects Mechanized Battlegroup
Construct Luftwaffe Kompanie
GrW 34 Mortar Team
Jäger Squad
Selects Raid Package
Support Elements
Wirbelwind Flakpanzer
Selects StuG Assault Group
Luftwaffe Officer Quarters
Jäger Squad
Wirbelwind Flakpanzer
Selects UNKNOWN (2160084)
Construct Panzer Kompanie
Medical Station
Pioneer Squad
Panther Heavy Tank
Selects Spotting Scopes
Selects Wespe Self-propelled Artillery
Panther Heavy Tank
Selects Zeroing Artillery Barrage
MG 42 Bunker
Panther Heavy Tank
LulekDZ [PL]
Artur
matjouz
Sarmynation
0
0
Comments
sign in to comment!
No comments posted yet!